 Dungeon Sprint DCSS version 0.19.1 (webtiles) character file.

1163 yeeve the Fighter (level 8, -5/85 HPs)
             Began as a Minotaur Monk on Dec 21, 2016.
             Was a High Priest of Okawaru.
             Hit by a large rock thrown by a cyclops (27 damage)
             ... in the Dungeon (Sprint IX: "|||||||||||||||||||||||||||||").
             The game lasted 00:01:58 (513 turns).

yeeve the Fighter (Minotaur Monk)                    Turns: 513, Time: 00:01:59

Health: -5/85      AC: 14    Str: 19    XL:     8   Next: 17%
Magic:  5/12       EV: 12    Int:  7    God:    Okawaru [*****.]
Gold:   0          SH:  0    Dex: 15    Spells: 0 memorised, 7 levels left

rFire  . . .     SeeInvis .     m - +2 scimitar (flame)
rCold  . . .     Gourm    .     p - +2 ring mail
rNeg   . . .     Faith    .     (no shield)
rPois  .         Spirit   .     (helmet restricted)
rElec  .         Reflect  .     o - +0 cloak
rCorr  .         Harm     .     n - +0 pair of gloves
MR     .....     NoTele   +     (no boots)
Stlth  +.........               (no amulet)
                                r - +3 ring of strength
                                q - +2 ring of protection

@: no status effects
A: retaliatory headbutt, horns 2
a: Heroism, Finesse, Renounce Religion


You were in the Dungeon.
You worshipped Okawaru.
Okawaru was extremely pleased with you.
You were not hungry.

You visited 1 branch

Inventory:

Hand Weapons
 a - a +2 hand axe of chopping
 m - a +2 scimitar of flaming (weapon)
Armour
 n - a +0 pair of gloves (worn)
 o - a +0 cloak (worn)
 p - a +2 ring mail (worn)
Jewellery
 q - a +2 ring of protection (left hand)
 r - a +3 ring of strength (right hand)
Wands
 l - a wand of acid (7/15)
Scrolls
 i - 2 scrolls of blinking
 k - 3 scrolls of remove curse
Potions
 d - 5 potions of curing
 e - 3 potions of heal wounds
 f - a potion of haste
 g - 4 potions of magic
 j - a potion of invisibility
Comestibles
 c - a bread ration


   Skills:
 + Level 12.7 Fighting
 * Level 9.3 Long Blades
 + Level 12.2 Armour
 - Level 3.2 Dodging
 - Level 1.5 Stealth
 * Level 7.1 Invocations


You had 7 spell levels left.
You didn't know any spells.

Dungeon Overview and Level Annotations

Branches:
Dungeon (1/1)

Altars:
Cheibriados
Dithmenos
Elyvilon
Fedhas
Gozag
Hepliaklqana
Kikubaaqudgha
Makhleb
Nemelex Xobeh
Okawaru
Qazlal
Ru
Sif Muna
Trog
Uskayaw
Vehumet
Xom
Yredelemnul
Zin
The Shining One
Beogh
Jiyva
Lugonu


Innate Abilities, Weirdness & Mutations

You reflexively headbutt those who attack you in melee.
You have a pair of horns on your head.


Message History

You slash the centaur warrior! You burn the centaur warrior.
The centaur warrior is almost dead.
The centaur warrior hits you but does no damage.
You hit the centaur warrior. You burn the centaur warrior.
The centaur warrior is almost dead.
The centaur warrior hits you. The centaur warrior hits you!
* * * LOW HITPOINT WARNING * * *
You closely miss the centaur warrior.
The centaur warrior is almost dead.
The centaur warrior barely misses you.
You riposte.
You slash the centaur warrior! You burn the centaur warrior.
You kill the centaur warrior!
Okawaru is honoured by your kill.
You can now speed up your combat.
Your Long Blades skill gained 3 levels and is now at level 9!
Your Armour skill increases to level 12!
Your Invocations skill gained 3 levels and is now at level 7!
You have reached level 8!
You feel agile.
The cyclops throws a large rock.
The large rock hits you!!
You die...

▓+▓
▓.▓
▓.▓
▓l▓
▓C▓
▓)▓
▓H▓
▓(▓
▓.▓
▓.▓
▓.▓
▓.▓
▓%▓
▓(▓
▓'▓


You could see a cyclops and a wyvern.

Vanquished Creatures
  A centaur warrior (D)
  A hungry ghost (D)
  A soldier ant (D)
  A sky beast (D)
  A big kobold (D)
  A scorpion (D)
  A killer bee (D)
  A worker ant (D)
  An adder (D)
  An adder zombie (D)
  An adder skeleton (D)
  A leopard gecko (D)
  An orc (D)
  A bat zombie (D)
  A giant cockroach (D)
  A goblin (D)
  4 hobgoblins (D)
20 creatures vanquished.

Notes
Turn   | Place    | Note
-------+----------+-------------------------------------------
     0 | D        | yeeve the Minotaur Monk began the quest for the Orb.
     0 | D        | Reached XP level 1. HP: 19/19 MP: 0/0
     4 | D        | Reached skill level 1 in Armour
   294 | D        | Noticed a worker ant
   297 | D        | Killed a worker ant
   297 | D        | Reached skill level 5 in Armour
   297 | D        | Reached XP level 2. HP: 30/30 MP: 1/1
   297 | D        | Reached XP level 3. HP: 37/37 MP: 2/2
   356 | D        | Found a roughly hewn altar of Beogh.
   356 | D        | Found a snail-covered altar of Cheibriados.
   356 | D        | Found a shadowy altar of Dithmenos.
   356 | D        | Found a white marble altar of Elyvilon.
   356 | D        | Found a blossoming altar of Fedhas.
   356 | D        | Found an opulent altar of Gozag.
   357 | D        | Found a hazy altar of Hepliaklqana.
   358 | D        | Found a viscous altar of Jiyva.
   359 | D        | Found an ancient bone altar of Kikubaaqudgha.
   360 | D        | Found a corrupted altar of Lugonu.
   361 | D        | Found a burning altar of Makhleb.
   362 | D        | Found a sparkling altar of Nemelex Xobeh.
   363 | D        | Found an iron altar of Okawaru.
   364 | D        | Found a stormy altar of Qazlal.
   365 | D        | Found a sacrificial altar of Ru.
   366 | D        | Found a deep blue altar of Sif Muna.
   367 | D        | Found a bloodstained altar of Trog.
   368 | D        | Found a hide-covered altar of Uskayaw.
   369 | D        | Found a radiant altar of Vehumet.
   370 | D        | Found a shimmering altar of Xom.
   371 | D        | Became a worshipper of Warmaster Okawaru
   371 | D        | Reached * piety under Okawaru
   371 | D        | Reached ** piety under Okawaru
   372 | D        | Found a basalt altar of Yredelemnul.
   373 | D        | Found a glowing silver altar of Zin.
   374 | D        | Found a glowing golden altar of the Shining One.
   429 | D        | Noticed a hungry ghost
   429 | D        | Noticed a scorpion
   429 | D        | Noticed a sky beast
   434 | D        | Killed a sky beast
   434 | D        | Reached XP level 4. HP: 50/50 MP: 0/3
   436 | D        | Reached XP level 5. HP: 57/57 MP: 0/4
   441 | D        | Reached skill level 10 in Fighting
   444 | D        | Killed a hungry ghost
   444 | D        | Reached *** piety under Okawaru
   444 | D        | Reached skill level 10 in Armour
   444 | D        | Reached XP level 6. HP: 65/68 MP: 1/5
   489 | D        | Noticed a wyvern
   489 | D        | Noticed a cyclops
   489 | D        | Noticed a centaur warrior
   489 | D        | Noticed a soldier ant
   494 | D        | Reached skill level 1 in Invocations
   498 | D        | Reached skill level 5 in Long Blades
   505 | D        | Killed a soldier ant
   505 | D        | Reached XP level 7. HP: 71/77 MP: 4/9
   513 | D        | Killed a centaur warrior
   513 | D        | Reached **** piety under Okawaru
   513 | D        | Reached ***** piety under Okawaru
   513 | D        | Reached XP level 8. HP: 22/85 MP: 5/12
   513 | D        | Hit by a large rock thrown by a cyclops

Skill      XL: |  1  2  3  4  5  6  7 |
---------------+----------------------+-----
Fighting       | 6 9 11 12 | 12.7
Armour         | 5 8 10 11 12 | 12.2
Long Blades    | 6 9 |  9.3
Invocations    | 4 7 |  7.1
Dodging        | |  3.2
Stealth        | |  1.5

Action                   |  1- 3 |  4- 6 |  7- 9 || total
-------------------------+-------+-------+-------++-------
Melee: Falchion          |    19 |       |       ||    19
       Headbutt          |     5 |     6 |       ||    11
       Scimitar          |     3 |    25 |     7 ||    35
       Punch             |     1 |       |       ||     1
Invok: Heroism           |     1 |     1 |       ||     2
  Use: Potion            |     1 |       |       ||     1
 Stab: Sleeping          |     2 |       |       ||     2
  Eat: Chunk             |       |     1 |       ||     1
Armor: Robe              |     1 |       |       ||     1
       Ring mail         |       |    10 |     3 ||    13
Dodge: Dodged            |     8 |    17 |     1 ||    26
       Rpst.: Falchion   |     2 |       |       ||     2
       Scimitar          |     1 |     8 |     1 ||    10
